 Dungeon Crawl Stone Soup version 0.28-a0-1435-g82390b3a13 (webtiles) character file.

Game seed: 9008071815090086211

27 HallandMoats the Skirmisher (level 2, -4/24 HPs)
             Began as a Demonspawn Fighter on Jan 9, 2022.
             Was a Follower of Makhleb.
             Succumbed to a goblin's poison
             ... on level 2 of the Dungeon.
             The game lasted 00:01:00 (1181 turns).

HallandMoats the Skirmisher (Demonspawn Fighter)    Turns: 1181, Time: 00:01:00

Health: -4/24      AC:  9    Str: 16    XL:     2   Next: 93%
Magic:  2/2        EV:  9    Int:  9    God:    Makhleb [*.....]
Gold:   12         SH:  4    Dex: 12    Spells: 1/1 levels left

rFire   . . .      SeeInvis .   a - +0 war axe
rCold   . . .      Faith    .   c - +0 buckler
rNeg    . . .      Spirit   .   b - +0 scale mail
rPois   .          Reflect  .   (no helmet)
rElec   .          Harm     .   (no cloak)
rCorr   .          Rampage  .   (no gloves)
Will    .....                   h - +0 pair of boots
Stlth   ..........              (no amulet)
HPRegen 0.08/turn               (no ring)
MPRegen 0.08/turn               (no ring)

@: lethally poisoned (-4 -> -30), flying
A: icy blue scales 1
a: Renounce Religion


You were on level 2 of the Dungeon.
You worshipped Makhleb.
Makhleb was aware of your devotion.
You visited 1 branch of the dungeon, and saw 2 of its levels.

You collected 12 gold pieces.

Inventory:

Hand Weapons
 a - a +0 war axe (weapon)
Armour
 b - a +0 scale mail (worn)
 c - a +0 buckler (worn)
 h - a +0 pair of boots (worn)
Jewellery
 i - an amulet of magic regeneration
Scrolls
 e - 2 scrolls of identify {unknown}
 f - a scroll of teleportation {unknown}
 j - a scroll of silence {unknown}
Potions
 d - a potion of might


   Skills:
 * Level 3.3 Fighting
 * Level 2.2 Axes
 + Level 2.8 Armour
 + Level 0.4 Dodging
 + Level 2.8 Shields
 * Level 0.5 Invocations


You had one spell level left.
You didn't know any spells.
Your spell library was empty.

Dungeon Overview and Level Annotations

Branches:
Dungeon (2/15)

Altars:
Makhleb


Innate Abilities, Weirdness & Mutations

You are partially covered in icy blue scales. (AC +2)


Message History

A goblin comes into view. It is wielding a +1 dagger of venom.
The goblin shouts!
A goblin is nearby!
A goblin is nearby!
A goblin is nearby!
An endoplasm comes into view.
There are monsters nearby!
The goblin hits you but does no damage.
You barely miss the goblin. The goblin hits you but does no damage.
You hit the goblin but do no damage. The goblin misses you.
The goblin hits you but does no damage.
You are poisoned.
You hit the goblin.
The goblin is severely wounded.
You feel very sick. The goblin hits you but does no damage.
You are more poisoned.
You closely miss the goblin.
The goblin is severely wounded.
You hit the endoplasm.
You kill the endoplasm!
Makhleb accepts your kill.
You feel very sick. The goblin barely misses you.
The goblin hits you but does no damage.
You are lethally poisoned!
It was a potion of flight.
You feel very buoyant.
You fly up into the air.
You feel very sick. The goblin barely misses you.
You hit the goblin but do no damage.
The goblin is severely wounded.
* * * LOW HITPOINT WARNING * * *
You feel very sick.
The goblin hits you with a +1 dagger of venom.
* * * LOW HITPOINT WARNING * * *
You are more poisoned.
You closely miss the goblin.
The goblin is severely wounded.
You die...

.≈.##########
.≈..#.......#
≈.≈≈........#
.≈..≈.......#
≈...≈.......#
≈...≈.......#
≈...≈.......#######
.≈..§.......'.....####
≈≈≈≈........#...@g...#
..§.#.......#........#
.≈...........>.......#
≈.###########........#
..# #........# #.#
#.........# #.#
#.........# #.#
#.........# #.#


You could see a goblin.

Vanquished Creatures
  An adder (D:2)
  A worm (D:2)
  A bat (D:1)
  4 endoplasms
  2 giant cockroaches (D:1)
  A hobgoblin (D:1)
  3 ball pythons
  2 frilled lizards (D:1)
15 creatures vanquished.

Vanquished Creatures (others)
  A plant (D:1)
1 creature vanquished.

Grand Total: 16 creatures vanquished

Notes
Turn   | Place    | Note
-------+----------+-------------------------------------------
     0 | D:1      | HallandMoats the Demonspawn Fighter began the quest for the
                  | Orb.
     0 | D:1      | Reached XP level 1. HP: 18/18 MP: 1/1
   570 | D:1      | Gained mutation: You are partially covered in icy blue
                  | scales. (AC +2) [demonic ancestry]
   570 | D:1      | Reached XP level 2. HP: 23/24 MP: 2/2
   958 | D:2      | Found a faded altar of an unknown god.
  1038 | D:2      | Prayed at the altar of an unknown god.
  1038 | D:2      | Became a worshipper of Makhleb the Destroyer
  1038 | D:2      | Reached * piety under Makhleb
  1181 | D:2      | Succumbed to a goblin's poison

Illustrated notes

Levels and vault maps discovered:
D:1:      dpeg_arrival_fog, layout_loops_ring, serial_bayou_lagoon_b
D:2:      layout_basic, shapermc_ecumenical_altar_starsandcircs,
          minmay_tetromino_s4

Skill      XL: |  1 |
---------------+----+-----
Axes           | 2 |  2.2
Fighting       | |  3.3
Armour         | |  2.8
Dodging        | |  0.4
Shields        | |  2.8
Invocations    | |  0.5

Action                   || total
-------------------------++-------
Melee: War axe           ||    52
  Use: Potion            ||     1
Armor: Scale mail        ||    24
Dodge: Dodged            ||    28
Block: Buckler           ||     8

Table legend: (Time is in decaauts)
 A = Elapsed time spent in this place.
 B = Non-inter-level travel time spent in this place.
 C = Inter-level travel time spent in this place.
 D = Time resting spent in this place.
 E = Time spent auto-exploring this place.
 F = Levels seen in this place.
 G = Mean time per level.
                   A        B        C        D        E       F      G
               +--------+--------+--------+--------+--------+-----+--------+
         Total |   1225 |   1118 |    107 |     56 |    903 |   2 |  612.5 |
       Dungeon |   1225 |   1118 |    107 |     56 |    903 |   2 |  612.5 |
               +--------+--------+--------+--------+--------+-----+--------+

Top non-repeatable levels by time:
     D:1: 990 daAuts
     D:2: 235 daAuts
